cohdb
Replays
Latest Replays
All Replays
Popular Replays
Top Player Replays
Match Explorer
How It Works
Community
CoH3 Stats
Reddit
Sign in to upload your games and track your stats! →
Sign in with Steam
Match 47166795
Unlisted
Match 47166795
Overview
Messages
Build Orders
End
Engineer Squad
Construct Barracks
Selects Airborne Battlegroup
Selects Heavy Machine Gun Paradrop
1⁄4-ton 4x4 Truck
1⁄4-ton 4x4 Truck
Heavy Machine Gun Paradrop
Heavy Machine Gun Paradrop
Selects Paratrooper Squad Paradrop
Construct Weapon Support Center
Paratrooper Squad Paradrop
Bazooka Squad
Mechanized Support Center
Bazooka Squad
Construct Tank Depot
Selects Recon Loiter
Selects Supply Drop
M4A1 Sherman Medium Tank
Paratrooper Squad Paradrop
M4A1 Sherman Medium Tank
Esxile
Niker1
JJolMangi
Ricky Spanish
0
0
Comments
sign in to comment!
No comments posted yet!